 Dungeon Crawl Stone Soup version 0.23-a0-78-gc252fe1 (webtiles) character file.

252 Arexsocan the Digger (level 6, -1/35 HPs)
             Began as a Gargoyle Earth Elementalist on Aug 10, 2018.
             Was an Initiate of Vehumet.
             Killed from afar by an orc wizard (11 damage)
             ... with a puff of flame
             ... on level 4 of the Dungeon.
             The game lasted 00:17:37 (2671 turns).

Arexsocan the Digger (Gargoyle Earth Elementalist)  Turns: 2671, Time: 00:17:39

Health: -1/35      AC: 12    Str: 12    XL:     6   Next: 14%
Magic:  0/11       EV: 10    Int: 17    God:    Vehumet [......]
Gold:   198        SH:  0    Dex: 10    Spells: 8/12 levels left

rFire    . . .     SeeInvis .   p - +0 mace
rCold    . . .     Gourm    .   (no shield)
rNeg     + . .     Faith    .   e - +0 ring mail
rPois    ∞         Spirit   +   (no helmet)
rElec    +         Reflect  .   (no cloak)
rCorr    +         Harm     .   (no gloves)
MR       .....                  (no boots)
Stlth    +.........             m - amulet of guardian spirit
HPRegen  0.11/turn              n - +3 ring of protection
MPRegen  0.12/turn              u - ring of resist corrosion

@: no status effects
A: negative energy resistance 1, electricity resistance, unbreathing,
petrification resistance, rot immunity, AC +4
a: Renounce Religion


You were on level 4 of the Dungeon.
You worshipped Vehumet.
Vehumet was noncommittal.
You were not hungry.

You visited 1 branch of the dungeon, and saw 4 of its levels.

You collected 198 gold pieces.

Inventory:

Hand Weapons
 p - a +0 mace (weapon)
Missiles
 b - 94 stones (quivered)
Armour
 c - a +0 robe
 e - a +0 ring mail (worn)
Jewellery
 m - an amulet of guardian spirit (around neck)
 n - a +3 ring of protection (left hand)
 u - a ring of resist corrosion (right hand)
Wands
 r - a wand of flame (19)
Scrolls
 i - 3 scrolls of teleportation {unknown}
 j - a scroll of amnesia {unknown}
 k - a scroll of fear {unknown}
 l - 2 scrolls of remove curse {unknown}
 q - 2 scrolls of noise {unknown}
 t - 3 scrolls of identify {unknown}
Potions
 a - 4 potions of curing {unknown}
 f - a potion of heal wounds {unknown}
 h - a potion of degeneration {unknown}
 o - a potion of agility {unknown}
 s - 2 potions of brilliance {unknown}
Comestibles
 d - 5 rations


   Skills:
 * Level 1.9 Fighting
 + Level 1.0 Maces & Flails
 * Level 2.3 Armour
 + Level 1.9 Dodging
 + Level 2.2 Stealth
 * Level 3.5 Spellcasting
 * Level 2.0 Conjurations
   Level 0.7 Transmutations
 + Level 4.5 Earth Magic


You had 8 spell levels left.
You knew the following spells:

 Your Spells              Type           Power        Failure   Level  Hunger
a - Sandblast             Erth           ###...       5%          1    None
b - Stone Arrow           Conj/Erth      ##....       28%         3    ###....

Your spell library contained the following spells:

 Spells                   Type           Power        Failure   Level  Hunger
 Magic Dart               Conj           #...         16%         1    None
 Passwall                 Tmut/Erth      ##......     19%         2    ##.....
 Lee's Rapid Deconstruct  Erth           ###.......   83%         5    ######.
 Petrify                  Tmut/Erth      ##......     77%         4    ####...


Dungeon Overview and Level Annotations

Branches:
Dungeon (4/15)
 Temple: D:4-7

Altars:
Ashenzari
Kikubaaqudgha
Sif Muna
Vehumet


Innate Abilities, Weirdness & Mutations

You are resistant to torment.
Your stone body is resilient. (AC +4)
You are immune to poison.
You resist negative energy. (rN+)
You are resistant to electric shocks. (rElec)
You can survive without breathing.
You are immune to petrification.
You are immune to rotting.


Message History

A magic dart appears from out of thin air!
The magic dart hits you!
* * * LOW HITPOINT WARNING * * *
The bullfrog skeleton hits you.
* * * LOW HITPOINT WARNING * * *
You completely miss something. The orc closely misses you.
The bullfrog skeleton barely misses you.
Something hits you but does no damage.
You hit something.
The bullfrog skeleton hits you but does no damage.
The orc barely misses you. Something hits you but does no damage.
The bullfrog skeleton closely misses you.
The orc barely misses you.
You barely miss something. Something hits you but does no damage.
The bullfrog skeleton hits you but does no damage.
The orc hits you but does no damage.
You hear some strange, mumbled words.
A puff of flame appears from out of thin air!
The puff of flame hits you!
You die...

##............ #....##
#.............
+......###......(....(.
#.... ...#.............
#....###...............
##................†.....
........................
......Z##..............#
#...8@).......####.###
#.....###o.#....####.#
..... #...........##.#
.... #...).......##.#
### #..............
#.o.....<....#.###
#8.................
.....>...?...........
...............####..<.


You could see an orc and a bullfrog skeleton.

Vanquished Creatures
  A centaur skeleton (D:4)
  An orc wizard (D:4)
  Natasha (thrice) (D:3)
  A worker ant (D:4)
  3 adders
  2 oozes (D:2)
  2 leopard geckos
  2 orcs (D:3)
  5 bats
  6 giant cockroaches
  3 hobgoblins
  9 jackals
  3 quokkas
  2 ball pythons (D:2)
  3 frilled lizards
  A goblin (D:2)
  10 kobolds
  3 rats
60 creatures vanquished.

Notes
Turn   | Place    | Note
-------+----------+-------------------------------------------
     0 | D:1      | Arexsocan the Gargoyle Earth Elementalist began the quest for the Orb.
     0 | D:1      | Reached XP level 1. HP: 10/10 MP: 3/3
   241 | D:1      | Reached XP level 2. HP: 15/15 MP: 1/5
   951 | D:2      | Reached skill level 4 in Earth Magic
  1027 | D:2      | Reached XP level 3. HP: 20/20 MP: 1/6
  1039 | D:2      | Reached skill level 1 in Armour
  1061 | D:2      | Reached skill level 1 in Fighting
  1087 | D:2      | Found a shattered altar of Ashenzari.
  1261 | D:2      | Reached XP level 4. HP: 23/25 MP: 1/8
  1286 | D:2      | Learned a level 3 spell: Stone Arrow
  1297 | D:2      | Found a radiant altar of Vehumet.
  1297 | D:2      | Found an ancient bone altar of Kikubaaqudgha.
  1299 | D:2      | Found a deep blue altar of Sif Muna.
  1328 | D:2      | Identified Vehumet's Volume of the Blacksmith
  1331 | D:2      | Became a worshipper of Vehumet
  1851 | D:3      | Noticed Natasha
  1855 | D:3      | Killed Natasha
  1881 | D:3      | Noticed Natasha
  1894 | D:3      | Killed Natasha
  1894 | D:3      | Reached XP level 5. HP: 19/29 MP: 2/9
  2158 | D:3      | Noticed Natasha
  2161 | D:3      | Killed Natasha
  2202 | D:3      | Reached skill level 1 in Conjurations
  2659 | D:4      | Reached XP level 6. HP: 25/35 MP: 6/11
  2667 | D:4      | Reached skill level 1 in Maces & Flails
  2671 | D:4      | Killed from afar by an orc wizard

Vault maps used:
D:1:      kilobyte_arrival_exit_the_forest, serial_forest,
          infiniplex_forest_lined_room_3, infiniplex_forest_lined_2,
          infiniplex_forest_clump_small, infiniplex_forest_clump_medium,
          infiniplex_forest_3_way, infiniplex_forest_zigzag_1,
          infiniplex_forest_zigzag_2, infiniplex_forest_end_1
D:2:      grunt_temple_overflow_magic_moments, lemuel_crystal_altar,
          minmay_splitting_lines, minmay_circled_x
D:3:      uniq_natasha
D:4:      gammafunk_temple_overflow_claw, minmay_temple_entry_hall,
          lightli_ossuary_entry_decrepit_ruins

Skill      XL: |  1  2  3  4  5  6 |
---------------+-------------------+-----
Earth Magic    | 4 |  4.5
Armour         | 1 2 |  2.3
Fighting       | 1 |  1.9
Spellcasting   | 3 |  3.5
Conjurations   | 1 2 |  2.0
Maces & Flails | 1 |  1.0
Dodging        | |  1.9
Stealth        | |  2.2
Transmutations | |  0.7

Action                   |  1- 3 |  4- 6 || total
-------------------------+-------+-------++-------
Melee: Unarmed           |     6 |       ||     6
       Club              |    47 |     8 ||    55
       Mace              |       |    74 ||    74
 Cast: Sandblast         |    45 |    26 ||    71
  Eat: Chunk             |     2 |     1 ||     3
       Ration            |       |     1 ||     1
Armor: Ring mail         |    63 |    78 ||   141
       Robe              |     3 |       ||     3
Dodge: Dodged            |    74 |    77 ||   151

Table legend:
 A = Non-vault XP
 B = Vault XP
 C = Vault XP percentage of total XP
 D = Non-vault monster count
 E = Vault monster count
 F = Vault count percentage of total count
 G = Total turns spent on level
                 A         B        C        D         E       F
            +---------+---------+-------+---------+---------+-------
      Total |     317 |      44 |  12.2 |      55 |       5 |   8.3
            +---------+---------+-------+---------+---------+-------
        D:1 |      28 |       0 |   0.0 |      16 |       0 |   0.0
        D:2 |      72 |       8 |  10.0 |      24 |       4 |  14.3
        D:3 |      88 |      36 |  29.0 |      10 |       1 |   9.1
        D:4 |     129 |       0 |   0.0 |       5 |       0 |   0.0
            +---------+---------+-------+---------+---------+-------
